 Dungeon Crawl Stone Soup version 0.30.1-11-g7821555f0a (webtiles) character file.

Game seed: 12378309229478636771

0 Peloso the Shield-Bearer (level 1, -2/19 HPs)
             Began as a Minotaur Fighter on Dec 23, 2023.
             Slain by a hobgoblin (6 damage)
             ... led by Robin
             ... on level 2 of the Dungeon.
             The game lasted 00:00:06 (36 turns).

Peloso the Shield-Bearer (Minotaur Fighter)           Turns: 36, Time: 00:00:06

Health: -2/19      AC:  6    Str: 20    XL:     1   Next: 0%
Magic:  0/0        EV:  9    Int:  5    God:
Gold:   2          SH:  4    Dex:  9    Spells: 0/0 levels left

rFire   . . .        a - +0 long sword
rCold   . . .        c - +0 buckler
rNeg    . . .        b - +0 scale mail
rPois   .            (helmet restricted)
rElec   .            (no cloak)
rCorr   .            (no gloves)
SInv    .            (no boots)
Will    .....        (no amulet) Stlth
                     (no ring)
HPRegen 0.23/turn    (no ring)
MPRegen 0.07/turn

%: no passive effects
@: no status effects
A: horns 2, retaliatory headbutt
a: no special abilities


You were on level 2 of the Dungeon.
You visited 1 branch of the dungeon, and saw 2 of its levels.

You collected 2 gold pieces.

Inventory:

Hand Weapons
 a - a +0 long sword (weapon)
Armour
 b - a +0 scale mail (worn)
 c - a +0 buckler (worn)
Potions
 d - a potion of might


   Skills:
 + Level 3.6 Fighting
 + Level 2.4 Long Blades
 + Level 3.6 Armour
 + Level 3.6 Shields


You couldn't memorise any spells.
You didn't know any spells.
Your spell library was empty.

Dungeon Overview and Level Annotations

Branches:
Dungeon (2/15)

Altars:

Annotations:
D:2 Robin


Innate Abilities, Weirdness & Mutations

You have a pair of horns on your head.
You reflexively headbutt those who attack you in melee.


Message History

Found a staircase leading out of the dungeon.
You now have 1 gold piece.
You now have 2 gold pieces (gained 1).
A sourceless malevolence fills the Dungeon...
You fall into a shaft and drop 1 floor!
The shaft crumbles and collapses.
Found two stone staircases leading down.
Found a dagger and a scale mail.
You see here a +0 dagger.
You see here a +0 scale mail. 2 goblins and 2 hobgoblins come into view.
The hobgoblin shouts!
The goblin shouts! x2; The hobgoblin shouts!
You hear a shout! x4
There are monsters nearby!
You closely miss the hobgoblin.
Robin of the Strong Arm comes into view.
They are wielding a +0 club.
Robin shouts!
You hear a shout!
The hobgoblin barely misses you.
The hobgoblin hits you but does no damage.
Robin roars a battlecry!
The goblins go into a battle-frenzy!
You hit the hobgoblin.
The hobgoblin is almost dead.
Robin throws the goblin at you! The hobgoblin hits you.
The hobgoblin barely misses you. You block the goblin's attack.
You barely miss the hobgoblin.
The hobgoblin is almost dead.
The hobgoblin hits you. You block the hobgoblin's attack.
The goblin barely misses you.
You hit the hobgoblin.
You kill the hobgoblin!
Robin throws the goblin at you! The hobgoblin barely misses you.
A goblin comes into view. It is wielding a +0 dagger.
The goblin barely misses you. You furiously retaliate!
You headbutt the goblin!
You kill the goblin!
You block the goblin's attack. The goblin hits you with a +0 dagger.
* * * LOW HITPOINT WARNING * * *
Robin says, "Bow before me, strongest of all the hobgoblins!"
Robin throws the goblin at you! The hobgoblin hits you.
You die...

## ... ##.##
..... ###...#
######g..####.
#g..g@g.......
#.####g####..
##.# #[.# #.##
#)# ##.# #..#
. #.## #


You could see Robin, a hobgoblin (strong) and 3 goblins.

Vanquished Creatures
  A goblin (D:2)
  A hobgoblin (D:2)
2 creatures vanquished.

Notes
Turn   | Place    | Note
-------+----------+-------------------------------------------
     0 | D:1      | Peloso the Minotaur Fighter began the quest for the Orb.
     0 | D:1      | Reached XP level 1. HP: 19/19 MP: 0/0
    18 | D:1      | You fall into a shaft and drop 1 floor!
    33 | D:2      | Noticed Robin
    36 | D:2      | Slain by a hobgoblin

Illustrated notes

Levels and vault maps discovered:
D:1:      giann_wishing_wells, layout_basic
D:2:      layout_rooms, basic_altar, shapermc_ecumenical_altar_notcrosses,
          roderic_roman_lattice, uniq_robin

Action                     || total
---------------------------++-------
  Melee: Long sword        ||     4
 Armour: Scale mail        ||     2
  Dodge: Dodged            ||     5
  Block: Buckler           ||     3
